 Dungeon Crawl Stone Soup version 0.29-a0-341-g24ffce5b50 (webtiles) character file.

Game seed: 14045587252338573727

1114 siradein the Firebug (level 8, -10/57 HPs)
             Began as a Yellow Draconian Fire Elementalist on Apr 21, 2022.
             Succumbed to Duvessa's poison
             ... on level 6 of the Dungeon.
             The game lasted 00:21:47 (6322 turns).

siradein the Firebug (DrFE)                         Turns: 6322, Time: 00:21:47

Health: -10/57     AC: 10    Str: 16    XL:     8   Next: 12%
Magic:  4/15       EV: 12    Int: 19    God:
Gold:   378        SH:  0    Dex: 11    Spells: 0/16 levels left

rFire   . . .      SeeInvis .   y - +4 quarterstaff (chaos)
rCold   . . .      Faith    .   (shield currently unavailable)
rNeg    . . .      Spirit   .   (body armour unavailable)
rPois   .          Reflect  .   l - +1 hat
rElec   .          Harm     .   b - +0 cloak
rCorr   +          Rampage  .   g - +0 pair of gloves
Will    .....                   o - +0 pair of boots
Stlth   ++........              u - amulet of regeneration
HPRegen 0.99/turn               w - +6 ring of strength
MPRegen 0.14/turn               (no ring)

@: lethally poisoned (-10 -> -54)
A: spit acid, AC +6, unfitting armour, cold-blooded, acid resistance
a: Breathe Acid


You were on level 6 of the Dungeon.
You visited 1 branch of the dungeon, and saw 6 of its levels.
You also visited: Sewer.

You collected 378 gold pieces.

Inventory:

Hand Weapons
 e - a +0 dagger of venom
 y - a +4 quarterstaff of chaos (weapon)
Armour
 b - a +0 cloak (worn)
 g - a +0 pair of gloves (worn)
 l - a +1 hat (worn)
 o - a +0 pair of boots (worn)
Magical Staves
 j - a staff of earth
 q - a staff of air
Jewellery
 h - an amulet of guardian spirit
 u - an amulet of regeneration (around neck)
 w - a +6 ring of strength (left hand)
Wands
 i - a wand of digging (3)
 t - a wand of acid (5)
 z - a wand of flame (26)
Scrolls
 k - 2 scrolls of teleportation
 n - 2 scrolls of amnesia
 p - a scroll of fog
 v - a scroll of summoning
Potions
 a - a potion of magic
 c - a potion of invisibility
 d - 4 potions of curing
 f - 3 potions of lignification
 m - 4 potions of heal wounds
 r - a potion of ambrosia {unknown}
 s - a potion of cancellation {unknown}
 x - a potion of might {unknown}
 A - a potion of flight {unknown}


   Skills:
 - Level 1.7 Dodging
 - Level 1.7 Stealth
 + Level 4.8 Spellcasting
 + Level 4.9 Conjurations
 + Level 5.8 Fire Magic
 + Level 0.5 Earth Magic
 + Level 3.8 Evocations


You couldn't memorise any spells.
You knew the following spells:

 Your Spells              Type           Power      Damage    Failure   Level
a - Foxfire               Conj/Fire      100%       2x1d9     1%          1
b - Scorch                Fire           52%        2d8       1%          2
c - Conjure Flame         Conj/Fire      25%        6-21      4%          3
d - Inner Flame           Hex/Fire       15%        N/A       12%         3
e - Flame Wave            Conj/Fire      25%        2d7       14%         4
f - Stone Arrow           Conj/Erth      30%        3d8       12%         3

Your spell library contained the following spells:

 Spells                   Type           Power      Damage    Failure   Level
 Sandblast                Erth           12%        2d6       10%         1
 Pain                     Necr           16%        1d4       13%         1
 Slow                     Hex            16%        N/A       13%         1
 Passwall                 Tmut/Erth      4%         N/A       17%         2
 Dispersal                Tloc           2%         N/A       100%        6
 Disjunction              Tloc           2%         N/A       100%        8


Dungeon Overview and Level Annotations

Branches:
Dungeon (6/15)              Sewer (visited)
 Temple: D:4-7

Altars:
Gozag
Makhleb
Nemelex Xobeh

Shops:
D:4 =   D:5 *

Annotations:
D:5 Eustachio
D:6 Dowan, Duvessa


Innate Abilities, Weirdness & Mutations

You can spit globs of acid.
Your golden yellow scales are hard. (AC +6)
You cannot fit into any form of body armour.
You are cold-blooded and may be slowed by cold attacks.
You are resistant to acid. (rCorr)


Message History

Duvessa hits you with a +2 rapier of venom.
Dowan gestures wildly while chanting.
Dowan blinks!
You feel very sick.
The foxfire hits Duvessa but does no damage.
Duvessa is lightly wounded.
The foxfire hits Duvessa.
Duvessa is lightly wounded.
Duvessa hits you with a +2 rapier of venom!
You are more poisoned.
Duvessa hits you with a +2 rapier of venom.
You are more poisoned.
Casting: Foxfire (safe; 1% risk of failure)
Confirm with . or Enter, or press ? or * to list all spells.
Flames lash Duvessa.
Duvessa is heavily wounded.
Duvessa's fire resistance burns away.
You feel extremely sick.
Duvessa says, "When magic and the sword combine, nothing stands against them."
Duvessa hits you with a +2 rapier of venom.
You are more poisoned.
Unknown command.
Casting: Scorch (safe; 1% risk of failure)
Confirm with . or Enter, or press ? or * to list all spells.
Flames lash Duvessa.
Duvessa is burned terribly!
Duvessa is severely wounded.
* * * LOW HITPOINT WARNING * * *
You feel extremely sick.
Duvessa says, "Beauty is only skin deep, and my weapons penetrate much further than that."
Duvessa hits you with a +2 rapier of venom.
* * * LOW HITPOINT WARNING * * *
You are more poisoned.
Duvessa hits you with a +2 rapier of venom!
* * * LOW HITPOINT WARNING * * *
You are more poisoned.
Casting: Scorch (safe; 1% risk of failure)
Confirm with . or Enter, or press ? or * to list all spells.
Flames lash Duvessa.
Duvessa is burned terribly!
Duvessa is almost dead.
You die...

####.#.#.# #....#.#.#
#.##.....# #.##.....#
#.#......# #.#......##
#.#.........
##.##########.#.########
#..........†e@..#
.#####.#.###.#.# #.#.#
#.#.# #.#e# #.#.# #.#.#
#.#.# ######.#.###e#.#
..............#.#
#######..e..###.#
#.e.....#


You could see Duvessa (fast, combustible) and Dowan.

Vanquished Creatures
  Menkaure (D:5)
  Pargi (Sewer)
  An ice beast (D:6)
  2 sky beasts (D:6)
  A black bear (D:4)
  An ogre (D:5)
  A scorpion (D:6)
  A necrophage (D:6)
  Crazy Yiuf (D:5)
  A gnoll shaman (D:6)
  Terence (D:2)
  An iguana (D:5)
  4 gnolls
  8 adders
  2 white imps (D:5)
  3 worms
  A dart slug (D:2)
  10 orcs
  9 endoplasms
  5 giant cockroaches
  6 goblins
  7 hobgoblins
  5 quokkas
  A ball python (D:3)
  5 bats
  3 frilled lizards
  14 kobolds
  4 rats
100 creatures vanquished.

Vanquished Creatures (others)
  290 foxfires
  3 plants (D:1)
293 creatures vanquished.

Grand Total: 393 creatures vanquished

Notes
Turn   | Place    | Note
-------+----------+-------------------------------------------
     0 | D:1      | siradein the Draconian Fire Elementalist began the quest
                  | for the Orb.
     0 | D:1      | Reached XP level 1. HP: 14/14 MP: 3/3
   327 | D:1      | Reached XP level 2. HP: 20/20 MP: 0/5
  1056 | D:1      | Reached XP level 3. HP: 26/26 MP: 4/6
  1443 | D:2      | Learned a level 2 spell: Scorch
  1447 | D:2      | Learned a level 3 spell: Conjure Flame
  1502 | D:2      | Noticed Terence
  1517 | D:2      | Killed Terence
  1518 | D:2      | Reached XP level 4. HP: 33/33 MP: 0/8
  2773 | D:3      | Reached skill level 4 in Fire Magic
  3236 | D:3      | Found a burning altar of Makhleb.
  3448 | D:4      | Noticed a black bear
  3530 | D:4      | Reached XP level 5. HP: 32/38 MP: 4/9
  3536 | D:4      | Learned a level 3 spell: Inner Flame
  3707 | D:4      | Killed a black bear
  3708 | D:4      | Reached skill level 1 in Evocations
  4126 | D:4      | Reached XP level 6. HP: 45/45 MP: 8/11
  4245 | D:4      | Found an opulent altar of Gozag.
  4396 | D:4      | Found Puxkaecs's Jewellery Shoppe.
  4479 | D:5      | Entered Level 5 of the Dungeon
  4583 | D:5      | Found a glowing drain.
  4714 | Sewer    | Entered a sewer
  4745 | Sewer    | Noticed Pargi
  4754 | Sewer    | Killed Pargi
  4978 | D:5      | Found Vitz's CLEARANCE SALE!.
  5183 | D:5      | Noticed Menkaure
  5189 | D:5      | Killed Menkaure
  5190 | D:5      | Reached skill level 5 in Fire Magic
  5190 | D:5      | Your scales start taking on a golden yellow colour.
  5190 | D:5      | Reached XP level 7. HP: 32/50 MP: 7/13
  5190 | D:5      | Gained mutation: You are resistant to acid. (rCorr) [Yellow
                  | Draconian growth]
  5294 | D:5      | Noticed Eustachio
  5435 | D:5      | Got A Beginning Course on Spellcraft
  5524 | D:5      | Found a runed translucent door.
  5525 | D:5      | Noticed Crazy Yiuf
  5573 | D:5      | Found a sparkling altar of Nemelex Xobeh.
  5927 | D:5      | Killed Crazy Yiuf
  6179 | D:6      | Reached XP level 8. HP: 57/57 MP: 5/15
  6253 | D:6      | Learned a level 4 spell: Flame Wave
  6257 | D:6      | Learned a level 3 spell: Stone Arrow
  6301 | D:6      | Noticed Dowan
  6304 | D:6      | Noticed Duvessa
  6321 | D:6      | HP: 1/57 [Duvessa/+2 rapier of venom (9)]
  6322 | D:6      | Succumbed to Duvessa's poison

Illustrated notes

Levels and vault maps discovered:
D:1:      minmay_arrival_four_loops, layout_basic, nicolae_grassy_gnolls
D:2:      layout_loops_corners, uniq_terence
D:3:      layout_basic, demons_altar
D:4:      layout_rooms, grunt_gozag_statues, serial_shops, kennysheep_mini_moat
D:5:      layout_cave_pools, nemelex_dance_club_becter, portal_sewer_entry_f,
          kennysheep_diamond, nicolae_shop_clearance, uniq_eustachio,
          uniq_crazy_yiuf_cottage, uniq_menkaure
D:6:      layout_loops_ring, ebering_ghost_disaster_area, uniq_maggie,
          uniq_duvessa

Skill      XL: |  1  2  3  4  5  6  7 |
---------------+----------------------+-----
Conjurations   | 2 3 4 |  4.9
Spellcasting   | 3 4 |  4.8
Fire Magic     | 4 5 |  5.8
Evocations     | 1 2 3 |  3.8
Dodging        | |  1.7
Stealth        | |  1.7
Earth Magic    | |  0.5

Action                   |  1- 3 |  4- 6 |  7- 9 || total
-------------------------+-------+-------+-------++-------
Melee: Unarmed           |     8 |       |       ||     8
       Tailslap          |     1 |     1 |       ||     2
       Dagger            |     2 |     2 |     2 ||     6
 Cast: Foxfire           |    43 |   102 |    22 ||   167
       Scorch            |     1 |    15 |    16 ||    32
       Conjure Flame     |     1 |       |       ||     1
       Inner Flame       |       |       |     1 ||     1
 Abil: Breathe Acid      |       |       |     1 ||     1
  Use: Scroll            |       |     8 |     2 ||    10
       Potion            |       |       |     1 ||     1
Armor: Skin              |     5 |    28 |    18 ||    51
Dodge: Dodged            |    16 |    38 |    35 ||    89

Table legend: (Time is in decaauts)
 A = Elapsed time spent in this place.
 B = Non-inter-level travel time spent in this place.
 C = Inter-level travel time spent in this place.
 D = Time resting spent in this place.
 E = Time spent auto-exploring this place.
 F = Levels seen in this place.
 G = Mean time per level.
                   A        B        C        D        E       F      G
               +--------+--------+--------+--------+--------+-----+--------+
         Total |   6327 |   6241 |     86 |    134 |   4734 |   7 |  903.9 |
       Dungeon |   6077 |   5991 |     86 |    134 |   4536 |   6 | 1012.8 |
         Sewer |    250 |    250 |      0 |      0 |    198 |   1 |  250.0 |
               +--------+--------+--------+--------+--------+-----+--------+

Top non-repeatable levels by time:
     D:2: 1246 daAuts
     D:1: 1226 daAuts
     D:5: 1177 daAuts
     D:4: 1092 daAuts
     D:3: 1015 daAuts
     D:6: 318 daAuts
   Sewer: 250 daAuts
